AoeStats
← Deliverance

Arena

510178656Analyzed
4v4 RM · 4d ago on Sep 29, 2026· 45m 45s· 8 players
Game mode
Random Map
Map size
Large (8 player)
Population
200
Speed
Normal
Resources
Standard
Victory
Conquest
Starting age
Dark Age
Ending age
Imperial Age
RankedLock teamsTeams togetherTeam positionsShared explorationLock speedFull tech treeHidden civsTurbo modeCheats
Victory
Defeat
🇨🇳 Franks · China
1322
+13
🇺🇸 Khmer · United States
1195
+18
🇨🇳 Maya · China
1195
+18
🇲🇽 Spanish · Mexico
1295
-17
🇨🇱 Britons · Chile
1259
-16
🇨🇱 Franks · Chile
1240
-16
🇨🇴 Tatars · Colombia
1217
-15
Naco y Estúpido
9:21 Feudal Age
7:37 Loom
11:06 Fletching
14:59 Double-Bit Axe
16:44 Horse Collar
28:28 Castle Age
27:32 Scale Barding Armor
27:37 Forging
28:24 Bloodlines
29:35 Bodkin Arrow
30:18 Guard Tower
32:00 Ballistics
32:04 Chain Barding Armor
32:19 Iron Casting
33:05 Husbandry
38:20 Imperial Age
40:35 Wheelbarrow
40:21 Stone Mining
40:21 Gold Mining
41:16 Plate Barding Armor
41:41 Blast Furnace
43:09 Hand Cart
44:16 Blast Furnace
44:11 Cavalier
Felipe !
9:59 Feudal Age
14:35 Castle Age
13:08 Double-Bit Axe
15:00 Horse Collar
15:31 Bow Saw
18:20 Town Watch
19:11 Wheelbarrow
23:46 Loom
25:58 Town Patrol
26:35 Hand Cart
26:13 Gold Mining
28:12 Gold Shaft Mining
31:25 Imperial Age
29:19 Stone Mining
30:08 Masonry
31:23 Ballistics
30:56 Fletching
31:07 Padded Archer Armor
31:47 Bodkin Arrow
33:15 Chemistry
32:59 Leather Archer Armor
34:55 Conscription
35:02 Bracer
37:21 Murder Holes
38:20 Architecture
Deliverance
11:28 Feudal Age
14:56 Castle Age
13:05 Double-Bit Axe
13:01 Horse Collar
15:14 Wheelbarrow
15:54 Bow Saw
15:50 Heavy Plow
18:41 Loom
18:43 Town Watch
25:25 Fletching
26:38 Light Cavalry
28:00 Scale Barding Armor
28:15 Bodkin Arrow
28:56 Bloodlines
31:58 Husbandry
32:25 Hand Cart
34:45 Imperial Age
33:18 Chain Barding Armor
33:35 Padded Archer Armor
33:46 Forging
34:02 Ballistics
34:48 Heavy Cavalry Archer
35:29 Bracer
36:31 Chemistry
39:31 Plate Barding Armor
39:12 Leather Archer Armor
41:05 Elite Keshik
42:25 Iron Casting
42:18 Silk Armor
44:54 Blast Furnace
Hundeknacker
11:34 Feudal Age
13:53 Double-Bit Axe
16:14 Castle Age
21:39 Wheelbarrow
20:50 Loom
25:37 Town Watch
26:25 Scale Barding Armor
27:36 Hand Cart
27:33 Bow Saw
30:46 Imperial Age
29:25 Chain Barding Armor
29:28 Husbandry
30:13 Gold Mining
30:52 Forging
30:51 Cavalier
31:45 Chivalry
32:27 Paladin
34:40 Plate Barding Armor
35:41 Gold Shaft Mining
37:01 Iron Casting
36:54 Conscription
41:56 Pikeman
42:36 Squires
42:22 Arson
42:57 Scale Mail Armor
43:32 Halberdier
Schmoo55
10:15 Feudal Age
11:13 Loom
13:35 Man-at-Arms
19:37 Double-Bit Axe
23:08 Horse Collar
23:43 Scale Mail Armor
29:01 Castle Age
31:02 Castle Age
余淮nb
9:32 Feudal Age
13:37 Castle Age
12:00 Double-Bit Axe
12:16 Horse Collar
15:16 Wheelbarrow
23:20 Town Watch
23:26 Loom
23:58 Gold Mining
25:19 Hand Cart
28:53 Imperial Age
26:54 Stone Mining
27:16 Scale Mail Armor
27:31 Heavy Plow
28:22 Squires
28:24 Arson
29:00 Chain Mail Armor
28:44 Eagle Warrior
30:14 Plate Mail Armor
29:37 Elite Eagle Warrior
30:43 Conscription
31:36 Holcans
31:34 Bow Saw
31:53 Capped Ram
33:14 Siege Ram
35:46 Chemistry
35:07 Ballistics
35:27 Forging
38:00 Stone Shaft Mining
2987052186
10:55 Feudal Age
11:39 Double-Bit Axe
15:19 Castle Age
21:57 Wheelbarrow
23:17 Bow Saw
28:47 Imperial Age
26:34 Hand Cart
26:07 Loom
27:55 Gold Mining
29:54 Gold Shaft Mining
28:50 Cavalier
29:31 Husbandry
29:55 Conscription
30:43 Chivalry
30:14 Paladin
31:03 Scale Barding Armor
31:09 Forging
32:33 Chain Barding Armor
33:13 Iron Casting
35:12 Plate Barding Armor
36:04 Blast Furnace
39:00 Pikeman
39:40 Squires
39:25 Arson
39:46 Scale Mail Armor
39:39 Halberdier
42:17 Chain Mail Armor
44:45 Plate Mail Armor
16岁少女在公交车上被11个大汉轮流让座
10:10 Feudal Age
14:03 Castle Age
12:15 Double-Bit Axe
13:21 Scale Mail Armor
13:07 Horse Collar
15:04 Bow Saw
23:04 Chain Mail Armor
24:28 Loom
27:14 Squires
27:35 Fletching
27:58 Elite Skirmisher
28:56 Forging
29:26 Wheelbarrow
30:46 Bodkin Arrow
32:09 Thumb Ring
32:06 Padded Archer Armor
32:42 Iron Casting
32:35 Gold Mining
35:01 Heavy Plow
35:39 Gold Shaft Mining
34:56 Stone Mining
35:55 Hand Cart
36:00 Gambesons
36:37 Leather Archer Armor
39:34 Imperial Age
37:11 Pikeman
40:15 Bracer
40:46 Plate Mail Armor
41:54 Two-Man Saw
41:26 Crop Rotation
41:34 Ballistics
42:15 Chemistry
40:45 Elite Varangian Guard
43:09 Ring Archer Armor
42:37 Halberdier
44:42 Capped Ram
45:40 Siege Engineers
Connection lost

Rejoining the realm…

Still unreachable

The connection could not be restored.

Session expired

The server has moved on; the page needs a fresh start.